 Dungeon Crawl Stone Soup version 0.21.1-1-g345015fe64 (webtiles) character file.

1618 Lorindel the Magician (level 8, -9/75 HPs)
             Began as a Demigod Transmuter on Mar 5, 2018.
             Mangled by an ogre
             ... wielding a +0 giant club
              (15 damage)
             ... on level 7 of the Dungeon on Apr 12, 2018.
             The game lasted 00:31:42 (5982 turns).

Lorindel the Magician (Demigod Transmuter)          Turns: 5982, Time: 00:31:43

Health: -9/75      AC:  6    Str: 13    XL:     8   Next: 37%
Magic:  18/18      EV: 12    Int: 21    God:
Gold:   299        SH:  0    Dex: 16    Spells: 3/16 levels left

rFire    x . .     SeeInvis .     - Unarmed
rCold    + + +     Gourm    +   (shield currently unavailable)
rNeg     . . .     Faith    .   (armour currently unavailable)
rPois    +         Spirit   .   (helmet currently unavailable)
rElec    .         Reflect  .   (cloak currently unavailable)
rCorr    .         Harm     .   (gloves currently unavailable)
MR       .....                  (boots currently unavailable)
Stlth    ++........             x - amulet of the gourmand
HPRegen  0.22/turn              o - ring of flight
MPRegen  0.16/turn              e - ring of wizardry

@: ice-form, berserk cooldown, slowed, very slow
A: large, high mp 1, wild magic 1
a: End Transformation, Evoke Flight


You were on level 7 of the Dungeon.
You were not hungry.
You were a creature of crystalline ice.
You visited 1 branch of the dungeon, and saw 7 of its levels.

You collected 299 gold pieces.

Inventory:

Hand Weapons
 g - a +4 dagger of venom
 u - the +1 hand axe of Fuamnyg {chop, +Rage rC+}
   (You found it on level 5 of the Dungeon)

   It inflicts extra damage upon your enemies.
   It protects you from cold.
   It lets you go berserk.
Missiles
 a - 30 arrows
Armour
 b - a +0 robe (melded)
 m - a +2 pair of gloves (melded)
Magical Staves
 r - an uncursed staff of wizardry
 z - an uncursed staff of power {unknown}
Jewellery
 e - a ring of wizardry (right front paw)
 j - an uncursed ring of wizardry
 o - a ring of flight (left front paw)
 x - an amulet of the gourmand (around neck)
Scrolls
 f - a scroll of fog
 h - 3 scrolls of teleportation
 k - a scroll of amnesia
 p - 3 scrolls of fear
 w - a scroll of vulnerability
 y - a scroll of enchant weapon
Potions
 l - 2 potions of might
 n - a potion of lignification
 q - a potion of brilliance
 s - a potion of agility {unknown}
 t - a potion of invisibility
 A - a potion of flight {unknown}
Books
 c - a book of Changes

   Spells                             Type                      Level
   a - Beastly Appendage              Transmutation                1
   b - Sticks to Snakes               Transmutation                2
   c - Spider Form                    Transmutation/Poison         3
   d - Ice Form                       Ice/Transmutation            4
   e - Blade Hands                    Transmutation                5
Miscellaneous
 C - a lamp of fire
Comestibles
 d - 8 rations


   Skills:
 + Level 3.2 Fighting
 + Level 3.6 Dodging
 + Level 3.2 Stealth
 + Level 4.2 Unarmed Combat
 * Level 4.6 Spellcasting
 + Level 3.4 Transmutations
 + Level 2.6 Ice Magic
 + Level 2.7 Poison Magic
 + Level 2.4 Evocations


You had 3 spell levels left.
You knew the following spells:

 Your Spells              Type           Power        Failure   Level  Hunger
a - Beastly Appendage     Tmut           ####..       1%          1    None
b - Spider Form           Tmut/Pois      ###.......   6%          3    ##.....
c - Ice Form              Ice/Tmut       ###.....     17%         4    ####...
d - Blade Hands           Tmut           ####......   34%         5    ######.


Dungeon Overview and Level Annotations

Branches:
Dungeon (7/15)             Temple (0/1) D:4

Shops:
D:4 [


Innate Abilities, Weirdness & Mutations

You have an increased reservoir of magic. (+10% MP)
((You have sharp fingernails.))
((You are partially covered in slimy green scales. (AC +2)))
Your spells are a little harder to cast, but a little more powerful.


Message History

You kill the orc priest!
The orc wizard closely misses you.
You punch the orc wizard! You freeze the orc wizard.
You kill the orc wizard!
The orc misses you.
You barely miss the orc. You closely miss the orc.
The orc hits you but does no damage.
The crimson imp blinks!
You punch the orc! You freeze the orc.
You kill the orc!
You feel a strong urge to attack something.
You are no longer berserk.
You are exhausted.
You feel yourself slow down. The ogre barely misses you.
You completely miss the ogre. The ogre hits you with a giant club.
* * * LOW HITPOINT WARNING * * *
You punch the ogre! You freeze the ogre.
The ogre is heavily wounded.
The ogre hits you with a giant club!
You die...

... ..# ...#
############...#####
....................
....................
..........†.........
.5......))###.#.....
O..######OY.([........
.......((...).........
...######.............
#(...........#
#.############ #.....#
#####.# #.# #.#


You could see an ogre and a crimson imp.

Vanquished Creatures
  Duvessa (D:5)
  A water moccasin (D:5)
  An orc warrior (D:6)
  3 ice beasts
  2 ogres
  A phantom (D:4)
  A centaur (D:7)
  A scorpion (D:7)
  A hound (D:5)
  2 jellies (D:6)
  3 orc priests
  4 orc wizards
  An iguana (D:6)
  2 worker ants
  A killer bee zombie (D:6)
  A hound zombie (D:5)
  2 howler monkey zombies
  3 gnolls (D:5)
  8 adders
  2 oozes
  2 adder skeletons
  2 worms
  A dart slug (D:1)
  5 leopard geckos
  20 orcs
  2 ball pythons
  8 giant cockroaches
  8 hobgoblins
  2 jackals (D:4)
  9 kobolds
  A ball python skeleton (D:4)
  7 bats
  2 frilled lizards
  8 goblins
  4 rats
122 creatures vanquished.

Vanquished Creatures (others)
  The ghost of Schimscham the Digger, an amateur GrEE (D:4)
1 creature vanquished.

Grand Total: 123 creatures vanquished

Notes
Turn   | Place    | Note
-------+----------+-------------------------------------------
     0 | D:1      | Lorindel the Demigod Transmuter began the quest for the Orb.
     0 | D:1      | Reached XP level 1. HP: 15/15 MP: 5/5
   113 | D:1      | Found a shimmering altar of Xom.
   233 | D:1      | Reached skill level 1 in Fighting
   270 | D:1      | Reached XP level 2. HP: 11/23 MP: 5/7
   282 | D:1      | Learned a level 2 spell: Sticks to Snakes
   996 | D:1      | Reached XP level 3. HP: 16/28 MP: 7/9
  1001 | D:1      | Learned a level 3 spell: Spider Form
  1137 | D:2      | Found a burning altar of Makhleb.
  1487 | D:2      | Reached skill level 1 in Stealth
  1889 | D:3      | Reached XP level 4. HP: 35/35 MP: 10/10
  1895 | D:3      | Learned a level 4 spell: Ice Form
  2685 | D:4      | Killed Schimscham's ghost
  2703 | D:4      | Noticed an ogre
  2715 | D:4      | Killed an ogre
  2715 | D:4      | Reached skill level 1 in Poison Magic
  2715 | D:4      | Reached XP level 5. HP: 17/41 MP: 9/12
  2786 | D:4      | Found a sparkling altar of Nemelex Xobeh.
  2871 | D:4      | Noticed a phantom
  2891 | D:4      | Killed a phantom
  2891 | D:4      | Reached skill level 1 in Ice Magic
  2891 | D:4      | Reached XP level 6. HP: 33/48 MP: 6/13
  3057 | D:4      | Found a staircase to the Ecumenical Temple.
  3109 | D:4      | Found Hauloeji's Armour Shoppe.
  3352 | D:5      | Entered Level 5 of the Dungeon
  3363 | D:5      | Reached skill level 1 in Evocations
  3481 | D:5      | Got a bloodstained hand axe
  3482 | D:5      | Identified the cursed +1 hand axe of Fuamnyg {chop, +Rage rC+} (You found it on level 5 of the Dungeon)
  3632 | D:5      | Gained mutation: You are clumsy. (Dex -2) [potion of mutation]
  3632 | D:5      | Gained mutation: You are partially covered in slimy green scales. (AC +2) [potion of mutation]
  3632 | D:5      | Gained mutation: Your mind is acute. (Int +2) [potion of mutation]
  3917 | D:5      | Noticed a water moccasin
  3933 | D:5      | Killed a water moccasin
  3933 | D:5      | Reached XP level 7. HP: 16/56 MP: 10/15
  4717 | D:5      | Noticed Duvessa
  4731 | D:5      | Killed Duvessa
  4795 | D:5      | Lost mutation: You are clumsy. (Dex -2) [potion of mutation]
  4795 | D:5      | Lost mutation: Your mind is acute. (Int +2) [potion of mutation]
  4795 | D:5      | Gained mutation: Your spells are a little harder to cast, but a little more powerful. [potion of mutation]
  4795 | D:5      | Gained mutation: You have sharp fingernails. [potion of mutation]
  5284 | D:6      | Learned a level 5 spell: Blade Hands
  5651 | D:6      | Reached XP level 8. HP: 62/62 MP: 8/17
  5982 | D:7      | Mangled by an ogre

Skill      XL: |  1  2  3  4  5  6  7  8 |
---------------+-------------------------+-----
Fighting       | 1 2 3 |  3.2
Spellcasting   | 2 3 4 |  4.6
Dodging        | 2 3 |  3.6
Transmutations | 2 3 |  3.4
Stealth        | 1 2 3 |  3.2
Unarmed Combat | 3 4 |  4.2
Poison Magic   | 1 2 |  2.7
Ice Magic      | 1 2 |  2.6
Evocations     | 1 2 |  2.4

Action                   |  1- 3 |  4- 6 |  7- 9 || total
-------------------------+-------+-------+-------++-------
Melee: Unarmed           |    93 |    56 |    79 ||   228
       Headbutt          |    15 |     3 |     2 ||    20
       Punch             |     1 |       |       ||     1
       Kick              |     8 |     1 |     7 ||    16
       Dagger            |    37 |    60 |       ||    97
       Staff             |       |    11 |       ||    11
       Hand axe          |       |    26 |    47 ||    73
 Cast: Beastly Appendage |    21 |     6 |     5 ||    32
       Sticks to Snakes  |     1 |       |       ||     1
       Spider Form       |     1 |     4 |     3 ||     8
       Ice Form          |       |     4 |     4 ||     8
 Abil: Evoke Berserk Rag |       |     1 |     1 ||     2
  Use: Scroll            |    10 |     9 |     3 ||    22
       Potion            |       |     3 |     4 ||     7
 Stab: Sleeping          |     3 |     6 |     2 ||    11
  Eat: Chunk             |     4 |     5 |    12 ||    21
       Ration            |       |     1 |     2 ||     3
Armor: Robe              |    30 |    14 |    13 ||    57
       Skin              |       |     9 |    23 ||    32
Dodge: Dodged            |    81 |   112 |   106 ||   299
